 Dungeon Crawl Stone Soup version 0.31.0-11-ge490571c62 (webtiles) character file.

Game seed: 17463857860370598631

1213 qw the Skirmisher (level 8, -4/39 HPs)
             Began as a Spriggan Hunter on Feb 4, 2024.
             Was a Believer of Okawaru.
             Slain by a ribbon worm (6 damage)
             ... in a sewer.
             The game lasted 00:00:19 (4188 turns).

qw the Skirmisher (Spriggan Hunter)                 Turns: 4188, Time: 00:00:19

Health: -4/39      AC:  2    Str:  7    XL:     8   Next: 22%
Magic:  12/12      EV: 11    Int: 11    God:    Okawaru [**....]
Gold:   314        SH:  0    Dex: 20    Spells: 7/7 levels left

rFire   . . .        d - +0 orcbow
rCold   . . .        (shield currently unavailable)
rNeg    . . .        c - +0 robe
rPois   +            (helmet restricted)
rElec   .            (no cloak)
rCorr   .            (gloves unavailable)
SInv    +            (boots unavailable)
Will    +....        (no amulet)
Stlth   ++           e - ring of poison resistance
HPRegen 0.26/turn    (no ring)
MPRegen 0.13/turn

%: no passive effects
@: held, very quick
A: very small, no large weapons, unfitting armour, see invisible, speed 3
a: Renounce Religion, Heroism


You were in a sewer.
You worshipped Okawaru.
Okawaru was pleased with you.
You visited 1 branch of the dungeon, and saw 5 of its levels.
You also visited: Sewer.

You collected 314 gold pieces.


Innate Abilities, Weirdness & Mutations

You are very small and have problems with some larger weapons.
You are too small for most types of armour.
You have supernaturally acute eyesight. (SInv)
You cover ground extremely quickly. (Speed+++)


   Skills:
 + Level 2.7 Fighting
 - Level 8.0 Ranged Weapons
 - Level 7.0 Dodging
 - Level 1.5 Stealth
 - Level 4.0 Invocations


You had 7 spell levels left.
You didn't know any spells.
Your spell library was empty.

Inventory:

Hand Weapons
 d - a +0 orcbow (weapon)
Armour
 c - a +0 robe (worn)
Jewellery
 e - a ring of poison resistance (left hand)
Potions
 a - a potion of berserk rage {unknown}
 b - a potion of cancellation {unknown}
 f - a potion of lignification {unknown}
 g - a potion of mutation {unknown}

Dungeon Overview and Level Annotations

Branches:
Dungeon (5/15)              Sewer (1/1)
 Temple: D:4-7

Altars:
Cheibriados
Fedhas
Kikubaaqudgha
Okawaru
Ru

Annotations:
D:2 1 runed translucent door, Crazy Yiuf
D:5 2 transporters


Message History

You enter the shallow water.
Moving in this stuff is going to be slow.
There is a glowing drain here.
The glowing drain vanishes just as you enter it!
The world spins around you as you enter the gateway.
You enter a sewer!
Found a gate leading back out of this place.
There is an empty arch of ancient stone here.
Waypoint 5 assigned to Sewer.
You shoot an arrow.
The arrow hits the river rat but does no damage.
The river rat squeaks loudly.
You shoot an arrow. The arrow barely misses the river rat.
You shoot an arrow. The arrow barely misses the river rat.
The ribbon worm expels a string of sticky webbing.
The stream of webbing hits you but does no damage.
You are caught in a web!
The river rat barely misses you.
The river rat twitches its whiskers.
The river rat closely misses you. The river rat bites you.
The river rat misses you. The ribbon worm misses you.
The river rat barely misses you. The ribbon worm barely misses you.
The ribbon worm bites you. The river rat bites you. The river rat bites you.
The ribbon worm bites you. The ribbon worm misses you. The river rat bites you.
The ribbon worm expels a string of sticky webbing.
The stream of webbing hits you but does no damage.
You are even more entangled.
The ribbon worm bites you but does no damage.
The river rat bites you. The ribbon worm barely misses you.
The ribbon worm bites you. The river rat bites you!
4187 ||| Standing still (stuck).
The ribbon worm bites you.
The ribbon worm expels a string of sticky webbing.
The stream of webbing hits you but does no damage.
You are even more entangled.
The river rat barely misses you. The river rat barely misses you.
The ribbon worm bites you.
You die...

##
###\.###
#@w....#
#rw......
#........
##.....##
#...##
####


You could see 2 ribbon worms and a river rat.

Vanquished Creatures
  A steam dragon (D:5)
  3 ogres (D:4)
  A bullfrog (D:5)
  A scorpion (D:5)
  A water moccasin zombie (D:5)
  3 hounds (D:5)
  4 orc priests
  A gnoll bouda (D:5)
  An iguana (D:5)
  Natasha (thrice) (D:2)
  2 orc wizards (D:5)
  10 gnolls
  5 adders
  2 river rats (D:5)
  A white imp (D:5)
  4 dart slugs
  3 ribbon worms
  12 orcs
  3 bats
  5 endoplasms
  4 giant cockroaches
  6 goblins
  3 hobgoblins
  6 jackals
  2 kobolds
  4 quokkas
  13 ball pythons
  3 frilled lizards
  2 rats
109 creatures vanquished.

Notes
Turn   | Place    | Note
-------+----------+-------------------------------------------
     0 | D:1      | qw the Spriggan Hunter began the quest for the Orb.
     0 | D:1      | Reached XP level 1. HP: 10/10 MP: 2/2
     0 | D:1      | 0 ||| qw: Version: 0.3-a-160-g6735b56
     0 | D:1      | 0 ||| qw: Game counter: 4342
     0 | D:1      | 0 ||| qw: Melee chars always use a shield: true
     0 | D:1      | 0 ||| qw: God list: Okawaru
     0 | D:1      | 0 ||| qw: Allow faded altars: false
     0 | D:1      | 0 ||| qw: Do Orc after clearing Dungeon:15 true
     0 | D:1      | 0 ||| qw: Do second Lair branch before Depths: true
     0 | D:1      | 0 ||| qw: Lair rune preference: random
     0 | D:1      | 0 ||| qw: Goals: Normal
     0 | D:1      | 0 ||| PLANNING D:1-11
    65 | D:1      | Reached skill level 3 in Dodging
   277 | D:1      | Reached XP level 2. HP: 14/14 MP: 3/3
   884 | D:1      | 884 ||| READING scroll labelled TUREKHERUO.
   885 | D:1      | 885 ||| READING scroll labelled GYAFAH KYLYIZI.
   890 | D:1      | 890 ||| READING scroll labelled GIMUCU FAAMYSS.
   891 | D:1      | 891 ||| DROPPING scroll of butterflies.
   950 | D:2      | Noticed Natasha
   955 | D:2      | Killed Natasha
   956 | D:2      | Reached XP level 3. HP: 13/18 MP: 4/4
  1062 | D:2      | Noticed Natasha
  1067 | D:2      | HP: 4/18 [Natasha (9)]
  1071 | D:2      | Killed Natasha
  1072 | D:2      | Reached skill level 5 in Ranged Weapons
  1072 | D:2      | Reached XP level 4. HP: 3/22 MP: 5/5
  1368 | D:2      | Noticed Natasha
  1376 | D:2      | Killed Natasha
  1649 | D:2      | Found a runed translucent door.
  1650 | D:2      | Noticed Crazy Yiuf
  1739 | D:2      | 1739 ||| READING 2 scrolls labelled GIERITUOSH.
  1740 | D:2      | 1740 ||| READING scroll labelled OTZULE ZEOMEE.
  1740 | D:2      | 1740 ||| ENCHANTING +0 shortbow.
  1741 | D:2      | 1741 ||| DROPPING scroll of blinking.
  1881 | D:3      | Reached XP level 5. HP: 12/26 MP: 6/6
  1909 | D:3      | 1909 ||| FLEEEEING.
  1910 | D:3      | 1910 ||| FLEEEEING.
  1912 | D:3      | 1912 ||| FLEEEEING.
  1913 | D:3      | 1913 ||| FLEEEEING.
  1914 | D:3      | 1914 ||| FLEEEEING.
  1921 | D:3      | 1921 ||| FLEEEEING.
  1922 | D:3      | 1922 ||| STAIRDANCE
  1939 | D:2      | 1939 ||| READING 3 scrolls labelled UHAELL MAHO.
  2040 | D:2      | 2040 ||| DROPPING 2 scrolls of vulnerability.
  2069 | D:3      | HP: 2/26 [orc/+0 hand axe (6)]
  2207 | D:3      | Found a blossoming altar of Fedhas.
  2212 | D:3      | Identified the +4 sling "Gelud" {antimagic, rN+++ Dex-5
                  | Stlth+}
  2214 | D:3      | 2214 ||| DROPPING +4 sling "Gelud" {antimagic, rN+++ Dex-5
                  | Stlth+}.
  2216 | D:3      | Found an ancient bone altar of Kikubaaqudgha.
  2218 | D:3      | Found an iron altar of Okawaru.
  2219 | D:3      | 2219 ||| PLANNING OKAWARU WORSHIP
  2219 | D:3      | Found a snail-covered altar of Cheibriados.
  2234 | D:3      | Became a worshipper of Warmaster Okawaru
  2235 | D:3      | 2235 ||| PLANNING D:1-11
  2513 | D:3      | Reached skill level 6 in Ranged Weapons
  2607 | D:3      | 2607 ||| READING scroll labelled ONOOPRE QUQI.
  2607 | D:3      | 2607 ||| IDENTIFYING fizzy white potion
  2608 | D:3      | 2608 ||| DROPPING potion of brilliance.
  2627 | D:4      | 2627 ||| FLEEEEING.
  2653 | D:4      | Found a sacrificial altar of Ru.
  2730 | D:4      | Noticed an ogre
  2739 | D:4      | Killed an ogre
  2740 | D:4      | Reached skill level 6 in Dodging
  2740 | D:4      | Reached XP level 6. HP: 30/30 MP: 7/7
  2856 | D:4      | 2856 ||| FLEEEEING.
  2975 | D:4      | 2975 ||| FLEEEEING.
  2976 | D:4      | 2976 ||| FLEEEEING.
  2977 | D:4      | 2977 ||| FLEEEEING.
  2978 | D:4      | 2978 ||| FLEEEEING.
  2979 | D:4      | 2979 ||| FLEEEEING.
  2980 | D:4      | 2980 ||| FLEEEEING.
  2981 | D:4      | 2981 ||| FLEEEEING.
  2982 | D:4      | 2982 ||| FLEEEEING.
  2991 | D:4      | Reached * piety under Okawaru
  2992 | D:4      | Reached skill level 7 in Ranged Weapons
  2992 | D:4      | Reached XP level 7. HP: 23/35 MP: 8/8
  3198 | D:4      | Reached skill level 1 in Invocations
  3347 | D:4      | 3347 ||| DRINKING 2 ruby potions.
  3348 | D:4      | 3348 ||| DRINKING 2 metallic yellow potions.
  3349 | D:4      | 3349 ||| DRINKING 2 glowing green potions.
  3350 | D:4      | 3350 ||| DRINKING potion of curing.
  3350 | D:4      | 3350 ||| (to cure confusion)
  3351 | D:4      | 3351 ||| DROPPING potion of attraction.
  3352 | D:4      | 3352 ||| DROPPING potion of ambrosia.
  3378 | D:5      | Entered Level 5 of the Dungeon
  3379 | D:5      | 3379 ||| PLANNING SEWER
  3501 | D:5      | Reached ** piety under Okawaru
  3542 | D:5      | Found a transporter.
  3584 | D:5      | 3584 ||| SWAPPING to +0 orcbow.
  3589 | D:5      | HP: 5/35 [orc priest/divine providence (14)]
  3590 | D:5      | 3590 ||| READING scroll of teleportation.
  3710 | D:5      | 3710 ||| DROPPING +0 shortbow.
  3763 | D:5      | Reached skill level 3 in Invocations
  3774 | D:5      | Noticed a steam dragon
  3775 | D:5      | 3775 ||| INVOKING Heroism.
  3783 | D:5      | Killed a steam dragon
  3784 | D:5      | Reached XP level 8. HP: 39/39 MP: 9/11
  3802 | D:5      | Found a transporter.
  3896 | D:5      | Reached skill level 8 in Ranged Weapons
  3900 | D:5      | 3900 ||| FLEEEEING.
  3901 | D:5      | 3901 ||| FLEEEEING.
  3902 | D:5      | 3902 ||| FLEEEEING.
  3903 | D:5      | 3903 ||| FLEEEEING.
  3904 | D:5      | 3904 ||| FLEEEEING.
  4155 | D:5      | Found a glowing drain.
  4168 | D:5      | 4168 ||| UPGRADING to ring of poison resistance.
  4173 | Sewer    | Entered a sewer
  4186 | Sewer    | HP: 6/39 [river rat (8)]
  4187 | Sewer    | 4187 ||| Standing still (stuck).
  4187 | Sewer    | HP: 2/39 [ribbon worm (4)]
  4188 | Sewer    | Slain by a ribbon worm

Levels and vault maps discovered:
D:1:      nzn_arrival_settlement, layout_basic
D:2:      layout_loops_ring, uniq_crazy_yiuf_cottage, uniq_natasha
D:3:      layout_basic, grunt_temple_overflow_open
D:4:      layout_cave_pools, mainiacjoe_overflow_chevrons, dk_noncrumbling_2
D:5:      layout_cave_pools, lemuel_zombie_altar_yredelemnul,
          portal_sewer_entry_e, gammafunk_ghost_stat_death
Sewer:    sewer_fruit_machine

Skill      XL: |  1  2  3  4  5  6  7  8 |
---------------+-------------------------+-----
Dodging        | 3 4 5 6 7 |  7.0
Ranged Weapons | 5 6 7 8 |  8.0
Fighting       | 2 |  2.7
Invocations    | 3 4 |  4.0
Stealth        | |  1.5

Action                     |  1- 3 |  4- 6 |  7- 9 || total
---------------------------+-------+-------+-------++-------
   Fire: Shortbow          |    43 |   200 |    53 ||   296
         Orcbow            |       |       |   107 ||   107
 Invoke: Heroism           |       |       |     1 ||     1
    Use: Scroll            |     3 |     4 |     1 ||     8
         Potion            |       |       |     4 ||     4
 Armour: Robe              |     4 |    17 |    30 ||    51
  Dodge: Dodged            |     3 |    62 |   103 ||   168

Table legend:
 A = Non-vault XP
 B = Vault XP
 C = Vault XP percentage of total XP
 D = Non-vault monster count
 E = Vault monster count
 F = Vault count percentage of total count
                 A         B        C        D         E       F
            +---------+---------+-------+---------+---------+-------
      Total |    1579 |     154 |   8.9 |      99 |      10 |   9.2
            +---------+---------+-------+---------+---------+-------
        D:1 |      24 |       0 |   0.0 |      14 |       0 |   0.0
        D:2 |     111 |      35 |  24.0 |      13 |       1 |   7.1
        D:3 |     151 |       0 |   0.0 |      29 |       0 |   0.0
        D:4 |     574 |       0 |   0.0 |      22 |       0 |   0.0
        D:5 |     719 |     119 |  14.2 |      21 |       9 |  30.0
            +---------+---------+-------+---------+---------+-------
